 Dungeon Crawl Stone Soup version 0.22-a0-429-g97ce8ef (webtiles) character file.

5 Mgcat the Scratcher (level 1, 0/9 HPs)
             Began as a Felid Transmuter on May 25, 2018.
             Slain by an ooze (4 damage)
             ... on level 1 of the Dungeon.
             The game lasted 00:00:42 (204 turns).

Mgcat the Scratcher (Felid Transmuter)               Turns: 204, Time: 00:00:43

Health: 0/9        AC:  1    Str:  6    XL:     1   Next: 66%
Magic:  4/4        EV: 18    Int: 14    God:
Gold:   0          SH:  0    Dex: 16    Spells: 3/4 levels left
                                        Lives:  0   Deaths: 0

rFire    . . .     SeeInvis +     - Unarmed
rCold    . . .     Gourm    .   (shield unavailable)
rNeg     . . .     Faith    .   (armour unavailable)
rPois    .         Spirit   .   (helmet unavailable)
rElec    .         Reflect  .   (cloak unavailable)
rCorr    .         Harm     .   (gloves unavailable)
MR       .....                  (boots unavailable)
Stlth    ++........             (no amulet)
HPRegen  0.03/turn              (no ring)
MPRegen  0.09/turn              (no ring)

@: appendage (expiring), quick
A: very small, no armour, no weapons or thrown items, stealth, claws 1, fangs 3,
horns 2, see invisible, carnivore, speed 1, shaggy fur 1, slow metabolism 1,
sharp paws
a: End Transformation


You were on level 1 of the Dungeon.
You were completely stuffed.
You had grown temporary horns.
You visited 1 branch of the dungeon, and saw 1 of its levels.

Inventory:

Missiles
 a - 12 arrows
Scrolls
 b - a scroll of remove curse {unknown}
 e - a scroll of identify {unknown}
Potions
 d - a potion of curing {unknown}
 g - a potion of invisibility {unknown}
 h - a potion of heal wounds {unknown}
Comestibles
 c - a ration
 f - 3 chunks of flesh {@w0}


   Skills:
 - Level 1.0 Fighting
 - Level 2.6 Dodging
 + Level 3.2 Unarmed Combat
 - Level 2.0 Spellcasting
 + Level 2.5 Transmutations


You had 3 spell levels left.
You knew the following spells:

 Your Spells              Type           Power        Failure   Level  Hunger
a - Beastly Appendage     Tmut           #.....       9%          1    ##.....

Your spell library contained the following spells:

 Spells                   Type           Power        Failure   Level  Hunger
 Spider Form              Tmut/Pois      #.........   38%         3    ####...
 Blade Hands              Tmut           #.........   93%         5    ######.
 Ice Form                 Ice/Tmut       #.......     80%         4    #####..
 Sticks to Snakes         Tmut           #.......     13%         2    ###....


Dungeon Overview and Level Annotations

Branches:
Dungeon (1/15)

Altars:


Innate Abilities, Weirdness & Mutations

You cannot wear armour.
You are incapable of wielding weapons or throwing items.
Your paws allow you to move quietly. (Stealth)
You have sharp claws.
You have razor-sharp teeth.
You have supernaturally acute eyesight. (SInv)
You are carnivorous and can eat meat at any time.
You cover ground quickly.
You are covered in fur. (AC +1)
You have a slow metabolism.
Your sharp claws are effective at attacking unaware monsters.
You have a pair of horns on your head.


Message History

You kill the ball python!
You see here a ball python corpse.
You butcher the ball python corpse.
f - 3 chunks of flesh {@w0} You see here a ball python skeleton. x2
Eating one of 3 chunks of flesh {@w0}.
You eat one of the 3 chunks of flesh {@w0}.
This raw flesh tastes great.
Eating one of 2 chunks of flesh {@w0}.
You eat one of the 2 chunks of flesh {@w0}.
This raw flesh tastes great.
Your horns disappear.
Eating a chunk of flesh {@w0}.
You eat the chunk of flesh {@w0}.
This raw flesh tastes great.
A hobgoblin comes into view.
The hobgoblin shouts!
There are monsters nearby!
There is a stone staircase leading down here.
Casting: Beastly Appendage (safe; 10% risk of failure)
Confirm with . or Enter, or press ? or * to list all spells.
You grow a pair of large bovine horns.
The hobgoblin hits you but does no damage.
You claw the hobgoblin!
You kill the hobgoblin!
You see here a hobgoblin corpse.
You butcher the hobgoblin corpse.
f - 4 chunks of flesh {@w0}
There is a stone staircase leading down here.
e - a scroll labeled RIUWUA WYPSOLI
g - an inky potion Eating one of 4 chunks of flesh {@w0}.
You eat one of the 4 chunks of flesh {@w0}.
This raw flesh tastes great.
Your transformation is almost over.
Eating one of 3 chunks of flesh {@w0}.
You eat one of the 3 chunks of flesh {@w0}.
This raw flesh tastes great.
Eating one of 2 chunks of flesh {@w0}.
You eat one of the 2 chunks of flesh {@w0}.
This raw flesh tastes great.
There is a stone staircase leading down here.
The giant cockroach is too close now for your liking.
A giant cockroach is nearby!
You see here a metallic green potion.
Your horns disappear.
The giant cockroach bites you.
You scratch the giant cockroach.
The giant cockroach is heavily wounded.
The giant cockroach completely misses you.
You scratch the giant cockroach.
You kill the giant cockroach!
You see here a giant cockroach corpse.
You butcher the giant cockroach corpse.
f - 2 chunks of flesh {@w0} (gained 1)
h - a metallic green potion HP restored.
A bat comes into view.
A bat is nearby!
The bat completely misses you.
Casting: Beastly Appendage (safe; 9% risk of failure)
Confirm with . or Enter, or press ? or * to list all spells.
You grow a pair of large bovine horns.
The bat barely misses you. The bat misses you.
You miss the bat. Your bite misses the bat. The bat closely misses you.
The bat barely misses you.
You closely miss the bat. The bat barely misses you.
You completely miss the bat.
You kill the bat!
You see here a bat corpse.
You butcher the bat corpse.
Your transformation is almost over.
f - 3 chunks of flesh {@w0} (gained 1)
An ooze comes into view.
An ooze is nearby!
Casting: Beastly Appendage (safe; 9% risk of failure)
Confirm with . or Enter, or press ? or * to list all spells.
You extend your transformation's duration.
A hobgoblin comes into view. It is wielding a club.
Found a scroll labeled HEDIUN AFFE.
Found a stone staircase leading down.
The ooze quivers.
You see here a scroll labeled RIUWUA WYPSOLI.
You claw the ooze! You bite the ooze, but do no damage.
The ooze is severely wounded.
The ooze barely misses you. The hobgoblin barely misses you.
You scratch the ooze but do no damage. You bite the ooze.
The ooze is severely wounded.
The ooze closely misses you. The hobgoblin closely misses you.
You scratch the ooze but do no damage.
The ooze is severely wounded.
Your transformation is almost over.
The ooze misses you. The hobgoblin misses you.
You scratch the ooze but do no damage. You headbutt the ooze.
The ooze is almost dead.
The ooze hits you.
Ouch! That really hurt!
The hobgoblin misses you.
You scratch the ooze.
The ooze is almost dead.
The ooze hits you.
You die...

##.#.#........
#...........##
#...........#
#.........### .
#.........# ...
#..)......#
....###.#.#.####
#?....#...#
#...g@....#
.....#J........
.#..##......#..
#.. ...#...#..
#. ...##..># .
.#.. .#.# .##..
.#.# .. ... #


You could see an ooze and a hobgoblin.

Vanquished Creatures
  A bat (D:1)
  A giant cockroach (D:1)
  A hobgoblin (D:1)
  A ball python (D:1)
  A rat (D:1)
5 creatures vanquished.

Notes
Turn   | Place    | Note
-------+----------+-------------------------------------------
     0 | D:1      | Mgcat the Felid Transmuter began the quest for the Orb.
     0 | D:1      | Reached XP level 1. HP: 9/9 MP: 4/4
   204 | D:1      | Slain by an ooze

Vault maps used:
D:1:      saegor_arrival_simple_b, hangedman_decor_points

Action                   || total
-------------------------++-------
Melee: Unarmed           ||    17
       Bite              ||     4
       Headbutt          ||     3
 Cast: Beastly Appendage ||     5
  Eat: Chunk             ||     6
Armor: Skin              ||     1
Dodge: Dodged            ||    24

Table legend:
 A = Spawn XP
 B = Non-spawn XP
 C = Spawn XP percentage of total XP
 D = Spawn monster count
 E = Non-spawn monster count
 F = Spawn count percentage of total count
 G = Total turns spent on level
                    A         B        C        D         E        F      G
               +---------+---------+-------+---------+---------+-------+---------
         Total |       0 |       8 |   0.0 |       0 |       5 |   0.0 |   204
               +---------+---------+-------+---------+---------+-------+---------
           D:1 |       0 |       8 |   0.0 |       0 |       5 |   0.0 |   204
               +---------+---------+-------+---------+---------+-------+---------

Vault maps used:
D:1:      saegor_arrival_simple_b, hangedman_decor_points

Table legend:
 A = Turns spent in this place as a percentage of turns spent in the entire game.
 B = Non-inter-level travel turns spent in this place as a percentage of non-inter-level travel turns spent in the entire game.
 C = Inter-level travel turns spent in this place as a percentage of turns spent in this place.
 D = Turns resting spent in this place as a percentage of non-inter-level travel turns spent in this place.
 E = Turns spent auto-exploring this place as a percentage of non-inter-level travel turns spent in this place.
 F = Non-inter-level travel turns spent in this place divided by the number of levels of this place that you've seen.
                   A       B       C       D       E      F
               +-------+-------+-------+-------+-------+----------------------
         Total | 100.0 | 100.0 |   0.0 |   0.0 |  58.8 | 204.0
       Dungeon | 100.0 | 100.0 |   0.0 |   0.0 |  58.8 | 204.0
               +-------+-------+-------+-------+-------+----------------------

Table legend:
 A = Kills in this place as a percentage of kills in entire the game.
 B = Kills by you in this place as a percentage of kills by you in the entire game.
 C = Kills by friends in this place as a percentage of kills by friends in the entire game.
 D = Other kills in this place as a percentage of other kills in the entire game.
 E = Experience gained in this place as a percentage of experience gained in the entire game.
 F = Experience gained in this place divided by the number of levels of this place that you have seen.
                   A       B       C       D       E      F
               +-------+-------+-------+-------+-------+----------------------
         Total | 100.0 | 100.0 |   N/A |   N/A | 100.0 |   8.0
       Dungeon | 100.0 | 100.0 |   N/A |   N/A | 100.0 |   8.0
               +-------+-------+-------+-------+-------+----------------------
